 Dungeon Crawl Stone Soup version 0.20-a0-1079-gb2cf7a4 (webtiles) character file.

3853 JiminyCricket the Basher (level 9, 0/84 HPs)
             Began as a Minotaur Berserker on Apr 30, 2017.
             Was a High Priest of Trog.
             Slain by an orc warrior
             ... wielding a +0 halberd
              (9 damage)
             ... in a bailey.
             The game lasted 00:28:25 (7834 turns).

JiminyCricket the Basher (Minotaur Berserker)       Turns: 7834, Time: 00:28:25

Health: 0/84       AC: 15    Str: 24    XL:     9   Next: 99%
Magic:  8/8        EV:  9    Int:  4    God:    Trog [*****.]
Gold:   511        SH:  0    Dex: 11    Spells: 8/8 levels left

rFire    . . .     SeeInvis .   s - +6 dire flail (protect)
rCold    . . .     Gourm    .   (shield currently unavailable)
rNeg     . . .     Faith    .   R - +0 chain mail
rPois    .         Spirit   .   (helmet restricted)
rElec    .         Reflect  .   w - +0 cloak
rCorr    .         Harm     .   A - +0 pair of gloves
MR       .....                  (no boots)
Stlth    ..........             d - amulet of regeneration
Regen    0.7/turn               m - ring of stealth
MPRegen  0.2/turn               B - +1 ring of protection

@: slowed, very slow
A: retaliatory headbutt, horns 2
a: Berserk, Trog's Hand, Brothers in Arms, Burn Spellbooks, Renounce Religion


You were in a bailey.
You worshipped Trog.
Trog was extremely pleased with you.
You were very hungry.

You visited 1 branch of the dungeon, and saw 8 of its levels.
You also visited: Bailey.

You collected 511 gold pieces.

Inventory:

Hand Weapons
 a - a +0 hand axe
 s - a +6 dire flail of protection (weapon)
 E - a +2 whip of venom
 L - a +4 shortbow
 P - a +1 antimagic lajatang
 Q - a +3 war axe
Missiles
 M - 72 arrows
Armour
 w - a +0 cloak (worn)
 A - a +0 pair of gloves (worn)
 C - a +0 ring mail
 R - a +0 chain mail (worn)
Jewellery
 d - an amulet of regeneration (around neck)
 m - a ring of stealth (left hand)
 z - an uncursed ring of protection from fire
 B - a +1 ring of protection (right hand)
Wands
 b - a wand of flame (32/48)
 D - a wand of polymorph (3/24)
 I - a wand of digging (11/24)
 K - a wand of digging (7/24)
Scrolls
 e - a scroll of magic mapping {unknown}
 f - 2 scrolls of remove curse
 g - 2 scrolls of blinking {unknown}
 h - 2 scrolls of fear {unknown}
 j - a scroll of fog {unknown}
 k - 3 scrolls of teleportation {unknown}
 l - a scroll of noise {unknown}
 n - 6 scrolls of identify
 p - a scroll of enchant armour {unknown}
 y - 2 scrolls of enchant weapon {unknown}
 O - a scroll of amnesia {unknown}
Potions
 o - 2 potions of flight {unknown}
 q - 3 potions of brilliance {unknown}
 t - 2 potions of haste {unknown}
 u - a potion of ambrosia {unknown}
 v - a potion of lignification {unknown}
 x - 3 potions of degeneration {unknown}
 F - a potion of agility {unknown}
 G - 2 potions of heal wounds {unknown}
 J - 6 potions of curing {unknown}
 N - a potion of mutation {unknown}
 S - a potion of experience {unknown}
 T - a potion of might {unknown}
 U - a potion of resistance {unknown}
Comestibles
 c - 4 bread rations
 i - 5 meat rations
 r - 5 royal jellies
 H - 22 chunks of flesh


   Skills:
 + Level 9.4 Fighting
 - Level 7.3(9.8) Axes
 * Level 10.2(11.1) Maces & Flails
 + Level 8.9 Armour
 - Level 2.1 Dodging


You had 8 spell levels left.
You didn't know any spells.

Dungeon Overview and Level Annotations

Branches:
Dungeon (8/15)             Temple (0/1) D:4
   Lair: D:8-11

Altars:
Cheibriados
Fedhas
Hepliaklqana
Nemelex Xobeh
Okawaru
Qazlal
Trog
Wu Jian
The Shining One

Shops:
D:6 %


Innate Abilities, Weirdness & Mutations

You reflexively headbutt those who attack you in melee.
You have a pair of horns on your head.


Message History

You closely miss the orc. The orc hits you with a war axe.
The orc warrior hits you from afar with a halberd.
The orc warrior hits you from afar with a spear.
The orc hits you but does no damage.
You sock the orc!
Your weapon exudes an aura of protection.
You kill the orc!
Trog accepts your kill.
The orc warrior hits you but does no damage.
The orc warrior closely misses you. The orc barely misses you.
The orc warrior hits you from afar with a spear!
* * * LOW HITPOINT WARNING * * *
The orc warrior hits you with a spear.
* * * LOW HITPOINT WARNING * * *
The orc barely misses you. The orc warrior hits you with a spear.
* * * LOW HITPOINT WARNING * * *
You miss the orc warrior.
The orc warrior hits you but does no damage.
The orc warrior hits you from afar with a halberd!
You die...

#∩...).∩#
#..))...#
#..)))).#
#...)...#
#.......#
#.......#
#.......#
#.......#
#....@..#
##...o.##
###o###


#ooo# #.o.# #...# #...# ###'### ##.)...## You could see 3 orc warriors and 2
orcs.

Vanquished Creatures
  The ghost of thesun the Chopper, an amateur HOFi of Beogh (D:5)
  Sigmund (D:6)
  Edmund (D:6)
  A water moccasin (D:6)
  4 orc warriors (Bailey)
  A sky beast (D:5)
  2 ice beasts
  3 centaurs
  4 ogres
  4 bullfrogs
  2 scorpions
  A howler monkey (D:3)
  8 crimson imps
  5 orc priests
  6 orc wizards
  Jessica (D:3)
  2 bullfrog skeletons
  5 gnoll shamans (D:6)
  2 iguanas (D:7)
  4 worker ants
  A killer bee zombie (D:5)
  2 worker ant zombies
  35 gnolls (D:6)
  9 adders
  3 shadow imps
  A white imp (D:7)
  2 oozes
  2 adder zombies
  An adder skeleton (D:7)
  A worm (D:3)
  3 dart slugs
  3 leopard geckos
  46 orcs
  2 ball pythons
  6 giant cockroaches
  6 goblins
  7 hobgoblins
  25 jackals
  A quokka (D:3)
  6 bats
  8 frilled lizards
  A jackal skeleton (D:7)
  2 kobolds
  A leopard gecko skeleton (D:7)
  9 rats
241 creatures vanquished.

Notes
Turn   | Place    | Note
-------+----------+-------------------------------------------
     0 | D:1      | JiminyCricket the Minotaur Berserker began the quest for the Orb.
     0 | D:1      | Reached XP level 1. HP: 19/19 MP: 0/0
   213 | D:1      | Reached XP level 2. HP: 27/27 MP: 1/1
   848 | D:2      | Found a stormy altar of Qazlal.
   933 | D:2      | Reached XP level 3. HP: 27/33 MP: 2/2
  1895 | D:3      | Noticed Jessica
  1899 | D:3      | Killed Jessica
  1899 | D:3      | Reached XP level 4. HP: 41/41 MP: 3/3
  2005 | D:3      | Reached ** piety under Trog
  2005 | D:3      | Reached skill level 5 in Axes
  2018 | D:3      | Reached XP level 5. HP: 36/47 MP: 4/4
  2113 | D:3      | Found an ornate altar of the Wu Jian Council.
  2125 | D:3      | Reached skill level 5 in Fighting
  2489 | D:3      | Found a glowing golden altar of the Shining One.
  2489 | D:3      | Found an iron altar of Okawaru.
  2571 | D:3      | Found a bloodstained altar of Trog.
  3011 | D:4      | You fall through a shaft for 2 floors!
  3013 | D:6      | Noticed an ogre
  3016 | D:6      | Found a sparkling altar of Nemelex Xobeh.
  3016 | D:6      | Found a blossoming altar of Fedhas.
  3136 | D:6      | Noticed a water moccasin
  3146 | D:6      | Killed a water moccasin
  3146 | D:6      | Reached XP level 6. HP: 27/56 MP: 5/5
  3525 | D:6      | Noticed Edmund
  3541 | D:6      | Killed Edmund
  3658 | D:6      | Reached XP level 7. HP: 44/63 MP: 6/6
  3805 | D:6      | Reached skill level 1 in Maces & Flails
  3821 | D:6      | Reached skill level 5 in Armour
  3858 | D:6      | Found Cerghuyp's Food Shop.
  3969 | D:5      | Entered Level 5 of the Dungeon
  3969 | D:5      | Noticed thesun's ghost (amateur HOFi)
  3979 | D:5      | Killed thesun's ghost
  3979 | D:5      | Reached skill level 3 in Maces & Flails
  4183 | D:5      | Reached skill level 4 in Maces & Flails
  4195 | D:4      | Reached *** piety under Trog
  4283 | D:4      | Found a snail-covered altar of Cheibriados.
  4334 | D:4      | Found a staircase to the Ecumenical Temple.
  4346 | D:4      | Reached XP level 8. HP: 71/71 MP: 7/7
  4430 | D:4      | Reached skill level 5 in Maces & Flails
  5401 | D:6      | Noticed Sigmund
  5492 | D:6      | Killed Sigmund
  5492 | D:6      | Reached skill level 6 in Maces & Flails
  5648 | D:6      | Reached **** piety under Trog
  5692 | D:6      | Received a gift from Trog
  5775 | D:6      | Reached skill level 7 in Maces & Flails
  6121 | D:6      | Reached XP level 9. HP: 81/81 MP: 8/8
  6158 | D:6      | Reached skill level 8 in Maces & Flails
  6262 | D:6      | Found a snail-covered altar of Cheibriados.
  6857 | D:7      | Reached skill level 9 in Maces & Flails
  6997 | D:7      | Reached ***** piety under Trog
  7324 | D:8      | Found a hazy altar of Hepliaklqana.
  7494 | D:8      | Found a flagged portal.
  7512 | Bailey   | Entered a bailey
  7527 | Bailey   | Received a gift from Trog
  7643 | Bailey   | Reached skill level 10 in Maces & Flails
  7834 | Bailey   | Slain by an orc warrior

Vault maps used:
D:1:      lemuel_arrival_broad_hall
D:2:      mumra_celtic_spiral_tile, old_standard_altar
D:3:      overflow_temple_1_default, nicolae_overflow_crystal_walls,
          gammafunk_temple_overflow_statue, first_bread,
          roderic_serpentine_path, uniq_jessica
D:4:      temple_fountains, kennysheep_slug_shrine
D:5:      wad_lake_hut
D:6:      lemuel_castle_with_subvaults, minmay_overflow_temple_star_quad,
          serial_shops, shop, nicolae_underground_beach, uniq_sigmund,
          uniq_edmund
D:7:      minmay_nine_imps
D:8:      vehumet_statue, zin_treasury, basic_altar, enter_bailey_2,
          hangedman_little_slice_of_home, gammafunk_the_bubble
Bailey:   bailey_polearm_5, bailey

Skill      XL: |  1  2  3  4  5  6  7  8  9 |
---------------+----------------------------+-----
Axes           | 4 5 6 7 |  7.3
Fighting       | 4 5 6 7 9 |  9.4
Armour         | 3 4 5 7 8 |  8.9
Maces & Flails | 4 7 10 | 10.2
Dodging        | |  2.1

Action                   |  1- 3 |  4- 6 |  7- 9 || total
-------------------------+-------+-------+-------++-------
Melee: Hand axe          |    76 |   105 |       ||   181
       Headbutt          |    10 |    18 |    50 ||    78
       Dire flail        |       |     5 |   328 ||   333
       Unarmed           |       |       |    29 ||    29
Invok: Berserk           |     1 |     1 |     4 ||     6
  Use: Scroll            |       |       |     2 ||     2
  Eat: Chunk             |     3 |     4 |    11 ||    18
       Bread ration      |       |     1 |     1 ||     2
Armor: Leather armour    |    17 |    26 |     9 ||    52
       Ring mail         |       |       |   105 ||   105
       Chain mail        |       |       |    36 ||    36
Dodge: Dodged            |    62 |    71 |   249 ||   382
